 Dungeon Crawl Stone Soup version 0.31-a0-1172-g9944ec47dd (webtiles) character file.

Game seed: 4339900976715441971

1556477 Daunt the Slayer (level 26, 367/396 HPs)
             Began as a Grey Draconian Shapeshifter on Dec 10, 2023.
             Was the Champion of Wu Jian.
             Escaped with the Orb
             ... and 3 runes on Dec 12, 2023!
             The game lasted 06:37:19 (81648 turns).

Daunt the Slayer (Grey Draconian Shapeshifter)     Turns: 81648, Time: 06:37:19

Health: 367/396    AC: 24    Str: 27    XL:     26   Next: 66%
Magic:  43/43      EV: 21    Int:  8    God:    Wu Jian [******]
Gold:   6981       SH:  0    Dex: 16    Spells: 19/39 levels left

rFire   . .          .
                       - Unarmed
rCold   . . .        (shield currently unavailable)
rNeg    + . .        (body armour unavailable)
rPois   +            O - melded +1 hat
rElec   +            B - melded scarf {shadows}
rCorr   .            l - melded +2 pair of gloves {Dex+3}
SInv    +            k - melded +0 pair of boots
Will    ++...        i - amulet of Free Expression {rN+ Regen+}
Stlth   ++           o - ring "Fagie" {EV+5 Str-4 Dex+2 SInv}
HPRegen 1.66/turn    c - ring of Googg {+Blink rElec Will+ MP+9 Int-3}
MPRegen 0.28/turn

%: random rage (3%)
@: dragon-form, flying
A: dragon claw, dragon scales, flying, boosted hp, AC +17, amphibious, giant,
unfitting armour, (cold-blooded), (beak), berserk 1, clumsy 1, weak 1, no potion
heal 1
0: Orb of Zot
}: 3/15 runes: decaying, serpentine, slimy
a: Begin Untransformation, Renounce Religion, Evoke Blink, Wall Jump, Serpent's
Lash, Heavenly Storm


You escaped.
You worshipped Wu Jian.
Wu Jian was exalted by your worship.
You were a fearsome iron dragon!
You visited 11 branches of the dungeon, and saw 52 of its levels.
You also visited: Bailey, Ice Cave, Volcano, Wizlab and Desolation.

You collected 7924 gold pieces.
You spent 943 gold pieces at shops.

Inventory:

Missiles
 b - 11 atropa-tipped darts
 y - 50 poisoned darts
 H - 13 curare-tipped darts
 W - 2 throwing nets
Armour
 k - a +0 pair of boots (melded)
 l - a +2 pair of gloves of dexterity (melded)
 B - a scarf of shadows (melded)
 O - a +1 hat (melded)
Jewellery
 a - a ring of protection from fire
 c - the ring of Googg (right foreclaw) {+Blink rElec Will+ MP+9 Int-3}
   (You found it on level 2 of the Vaults)

   [ring of magical power]

   Int-3:     It affects your intelligence (-3).
   rElec:     It insulates you from electricity.
   Will+:     It increases your willpower.
   MP+9:      It affects your magic capacity (+9).
   +Blink:    It lets you blink.
 i - the amulet of Free Expression (around neck) {rN+ Regen+}
   (You took it off a deep elf demonologist on level 3 of the Elven Halls)

   [amulet of regeneration]

   rN+:       It protects you from negative energy.
   Regen+:    It increases your rate of health regeneration.
 o - the ring "Fagie" (left foreclaw) {EV+5 Str-4 Dex+2 SInv}
   (You found it in the Desolation of Salt)

   [ring of evasion]

   EV+5:      It affects your evasion (+5).
   Str-4:     It affects your strength (-4).
   Dex+2:     It affects your dexterity (+2).
   SInv:      It lets you see invisible.
 r - the ring "Saruag" {Ice rN+ rCorr Stlth+}
   (You found it on level 3 of the Elven Halls)

   [ring of ice]

   Ice:       It enhances your ice magic.
   rF-:       It makes you vulnerable to fire.
   rC+:       It protects you from cold.
   rN+:       It protects you from negative energy.
   rCorr:     It protects you from acid and corrosion.
   Stlth+:    It makes you more stealthy.
 V - a ring of willpower
Talismans
 X - a dragon-blood talisman (active)
Wands
 p - a wand of polymorph (13)
 D - a wand of digging (32)
 G - a wand of flame (12)
 J - a wand of charming (64)
 L - a wand of acid (35)
 P - a wand of mindburst (3)
 Q - a wand of roots (50)
Scrolls
 d - 10 scrolls of immolation
 g - 8 scrolls of teleportation
 h - 5 scrolls of silence
 t - 4 scrolls of revelation
 x - 7 scrolls of blinking
 A - 14 scrolls of fear
 E - 5 scrolls of summoning
 U - 4 scrolls of poison
 Y - 10 scrolls of fog
Potions
 e - 5 potions of resistance
 f - 18 potions of curing
 j - 14 potions of might
 m - 6 potions of brilliance
 s - 10 potions of mutation
 v - 7 potions of haste
 w - 12 potions of lignification
 z - 9 potions of enlightenment
 C - 8 potions of attraction
 F - 7 potions of heal wounds
 M - 4 potions of cancellation
 N - a potion of berserk rage
 T - 4 potions of ambrosia
 Z - 5 potions of invisibility
Miscellaneous
 n - a tin of tremorstones (2/2)
 q - a phial of floods
 I - a phantom mirror
 R - a sack of spiders


   Skills:
 - Level 26.4 Fighting
 + Level 17.7 Dodging
 - Level 11.0 Stealth
 - Level 26.0 Unarmed Combat
 + Level 7.4 Spellcasting
 + Level 13.2 Translocations
 - Level 4.0 Transmutations
 - Level 6.0 Earth Magic
 - Level 16.7 Evocations
 * Level 17.5 Shapeshifting


You had 19 spell levels left.
You knew the following spells:

 Your Spells              Type           Power      Damage    Failure   Level
b - Blink                 Tloc           48%        N/A       1%          2
d - Dispersal             Tloc           12%        N/A       14%         6
g - Passage of Golubria   Tloc           24%        N/A       1%          4
l - Lesser Beckoning      Tloc           48%        N/A       1%          2
m - Manifold Assault      Tloc           24%        N/A       1%          4
p - Passwall              Tmut/Erth      8%         N/A       4%          2

Your spell library contained the following spells:

 Spells                   Type           Power      Damage    Failure   Level
 Gell's Gravitas          Tloc           24%        N/A       1%          3
 Teleport Other           Tloc           24%        N/A       1%          3
 Volatile Blastmotes      Fire/Tloc      26%        2d12      4%          3
 Sting                    Tmut/Pois      24%        1d4       9%          1
 Dimensional Bullseye     Hex/Tloc       6%         N/A       14%         4
 Iskenderun's Mystic Bla  Conj/Tloc      13%        2d5       14%         4
 Stone Arrow              Conj/Erth      14%        3d7       19%         3
 Foxfire                  Conj/Fire      8%         2x1d4     21%         1
 Freeze                   Ice            8%         1d3       21%         1
 Kiss of Death            Conj/Necr      8%         2d6       21%         1
 Magic Dart               Conj           8%         1d3       21%         1
 Summon Small Mammal      Summ           8%         N/A       21%         1
 Petrify                  Tmut/Erth      10%        N/A       26%         4
 Call Imp                 Summ           4%         N/A       30%         2
 Cigotuvi's Dreadful Rot  Necr/Pois/Air  4%         N/A       30%         2
 Ensorcelled Hibernation  Hex/Ice        4%         N/A       30%         2
 Poisonous Vapours        Pois/Air       4%         N/A       30%         2
 Searing Ray              Conj           4%         2d4       30%         2
 Static Discharge         Conj/Air       4%         3-4/arc   30%         2
 Sublimation of Blood     Necr           2%         N/A       30%         2
 Summon Forest            Summ/Tloc      6%         N/A       36%         5
 Lee's Rapid Deconstruct  Erth           6%         3d6*      43%         5
 Call Canine Familiar     Summ           2%         N/A       52%         3
 Confusing Touch          Hex            2%         N/A       52%         3
 Dazzling Flash           Conj/Hex       4%         N/A       52%         3
 Frozen Ramparts          Ice            4%         1d1       52%         3
 Hailstorm                Conj/Ice       2%         3d5       52%         3
 Mephitic Cloud           Conj/Pois/Air  2%         N/A       52%         3
 Ozocubu's Armour         Ice            2%         N/A       52%         3
 Summon Guardian Golem    Hex/Summ       2%         N/A       52%         3
 Swiftness                Air            2%         N/A       52%         3
 Tukima's Dance           Hex            2%         N/A       52%         3
 Brom's Barrelling Bould  Conj/Erth      7%         2d3       52%         4
 Airstrike                Air            1%         2d(1-17)  90%         4
 Anguish                  Hex/Necr       1%         N/A       90%         4
 Cause Fear               Hex            1%         N/A       90%         4
 Dispel Undead            Necr           2%         3d7       90%         4
 Flame Wave               Conj/Fire      2%         2d4       90%         4
 Fulminant Prism          Conj/Hex       1%         3d5       90%         4
 Sticky Flame             Conj/Fire      2%         2d3       90%         4
 Summon Ice Beast         Ice/Summ       2%         N/A       90%         4
 Summon Lightning Spire   Summ/Air       2%         N/A       90%         4
 Alistair's Intoxication  Tmut/Pois      4%         N/A       94%         5
 Irradiate                Conj/Tmut      3%         3d12      94%         5
 Fireball                 Conj/Fire      1%         3d3       99%         5
 Freezing Cloud           Conj/Ice/Air   1%         6-21      99%         5
 Iskenderun's Battlesphe  Conj           2%         2d6       99%         5
 Metabolic Englaciation   Hex/Ice        1%         N/A       99%         5
 Silence                  Hex/Air        1%         N/A       99%         5
 Summon Mana Viper        Hex/Summ       2%         N/A       99%         5
 Bombard                  Conj/Erth      3%         9d1       100%        6
 Conjure Ball Lightning   Conj/Air       1%         3x3d6     100%        6
 Death Channel            Necr           1%         N/A       100%        6
 Eringya's Noxious Bog    Tmut/Pois      3%         4d6       100%        6
 Plasma Beam              Fire/Air       1%         2x1d11    100%        6
 Simulacrum               Ice/Necr       1%         N/A       100%        6
 Starburst                Conj/Fire      1%         6d3       100%        6
 Summon Cactus Giant      Summ           1%         N/A       100%        6
 Enfeeble                 Hex            1%         N/A       100%        7
 Haunt                    Necr/Summ      1%         N/A       100%        7
 Orb of Destruction       Conj           1%         9d5       100%        7
 Ozocubu's Refrigeration  Ice            1%         4d7       100%        7
 Spellforged Servitor     Conj/Summ      1%         N/A       100%        7
 Summon Hydra             Summ           1%         N/A       100%        7
 Borgnjor's Revivificati  Necr           1%         N/A       100%        8
 Lehudib's Crystal Spear  Conj/Erth      3%         10d3      100%        8
 Death's Door             Necr           1%         N/A       100%        9
 Dragon's Call            Summ           1%         N/A       100%        9
 Polar Vortex             Ice            1%         N/A       100%        9
 Animate Armour           Summ/Erth      Unusable   N/A       N/A         4

Dungeon Overview and Level Annotations

Branches:
Dungeon (15/15)            Temple (1/1) D:5            Lair (5/5) D:8
  Swamp (4/4) Lair:2        Snake (4/4) Lair:3        Slime (5/5) Lair:4
    Orc (2/2) D:10            Elf (3/3) Orc:2        Vaults (4/5) D:13
  Crypt (0/3) Vaults:2     Depths (4/4) D:15            Zot (5/5) Depths:4
 Bailey (visited)           IceCv (visited)         Volcano (visited)
 WizLab (visited)         Desolation (visited)

Altars:
Ashenzari
Cheibriados
Dithmenos
Elyvilon
Fedhas
Gozag
Hepliaklqana
Kikubaaqudgha
Makhleb
Nemelex Xobeh
Okawaru
Qazlal
Ru
Sif Muna
Trog
Uskayaw
Vehumet
Wu Jian
Xom
Yredelemnul
Zin
The Shining One
Jiyva

Shops:
D:1 [   D:5 *   D:7 (   Orc:1 *   Orc:2 [*(:   Elf:1 **[!*   Elf:3 (
Snake:1 (   Vaults:1 *   Vaults:3 *[   Depths:3 =

Portals:
Hell: Depths:1 Depths:2 Depths:3 Depths:4
Abyss: Depths:2 Depths:3
Pandemonium: Depths:1 Depths:2
Ziggurat: Depths:1

Annotations:
D:5 1 runed translucent door, Crazy Yiuf, Eustachio
Swamp:4 Lernaean hydra
Zot:3 2 transporters


Innate Abilities, Weirdness & Mutations

You are a fearsome iron dragon!
You have a powerful clawing attack.
Your giant scaled body is strong and resilient, but less evasive.
You are flying.
Your maximum health is greatly increased.
Your armour is entirely melded.
You are incapable of wielding weapons or throwing items.
Your dull iron-grey scales are very hard. (AC +17)
You are amphibious.
You cannot fit into any form of body armour.
((You are cold-blooded and may be slowed by cold attacks.))
((You have a beak for a mouth.))
You sometimes lose your temper in combat.
You are clumsy. (Dex -2)
You are weak. (Str -2)
Potions are less effective at restoring your health.


Message History

You recover from your berserk rage.
A tormentor comes into view.
There is an open door here.
The tormentor calls on the powers of darkness!
Your body is wracked with pain!
You completely miss the tormentor.
You maul the tormentor!!!
You kill the tormentor!
The Council accepts your kill.
No target in view!
No target in view!
There is a stone staircase leading up here.
You start resting.
A demonspawn warmonger and a reaper come into view.
The demonspawn warmonger is wielding a +1 bardiche of pain.
The reaper is wielding a +1 scythe of freezing.
You fly upwards.
There is a stone staircase leading down here.
There is a stone staircase leading up here.
You fly upwards.
There is a stone staircase leading down here.
There is a stone staircase leading up here.
You fly upwards.
There is a stone staircase leading down here.
There is a stone staircase leading up here.
You fly upwards.
There is a stone staircase leading down here.
You see here a +0 dagger.
You're already here!
An orange demon comes into view.
The orange demon closely misses you.
You lunge at the orange demon, in a flurry of attacks.
You maul the orange demon!!!
You tail-slap the orange demon. You claw the orange demon!
You kill the orange demon!
The Council accepts your kill.
No target in view!
No target in view!
There is a large open door here.
There is a staircase leading out of the dungeon here.
You have escaped!

.# #....# #)...>........#. .#
#.#..# #..............# .# #.#..#
#..............# .# #....#
##.............. .#
#..#######............## .#
#..#....##............## .#
#..'.8..####.#.#.###.###
.#########..'.8..##....###.###...
............#...D##...#.#.###..%.
##########..###########..###.#...
##...# #..##.##... #...#
#....###### ###.# ###.##.## ##
#.# #.....#.###. ###
####.###.##.#.# ### #....#
#...#.#. #.###.##.###.##.#.#


There were no monsters in sight!

Vanquished Creatures
  the Royal Jelly (Slime:5)
  A dread lich (Zot:5)
  2 ancient liches (Zot:5)
  4 orbs of fire
  Sojobo (Vaults:4)
  Josephina (Zot:4)
  Margery (Vaults:4)
  9 Killer Klowns (Zot:5)
  2 shard shrikes (Zot:2)
  Vashnia (Snake:4)
  Boris (Depths:4)
  Bai Suzhen (Depths:1)
  Saint Roka (Depths:4)
  Xtahua (Vaults:2)
  10 golden dragons
  2 curse toes
  A profane servitor (D:6)
  the Enchantress (Depths:4)
  4 electric golems
  24 Orb Guardians
  An Ice Fiend (D:12)
  6 quicksilver dragons
  17 tentacled monstrosities
  A walking earthen tome (Depths:4)
  A moon troll (WizLab)
  2 titans
  2 deep elf master archers (Elf:3)
  6 tentacled starspawn (WizLab)
  3 deep elf blademasters
  An Executioner (D:8)
  4 sphinxes
  7 death cobs
  A thorn hunter (Swamp:3)
  19 acid blobs
  4 tengu reavers
  Roxanne (D:14)
  Gastronok (Lair:1)
  19 storm dragons
  Kirke (Snake:3)
  Aizul (Vaults:2)
  8 shadow dragons
  9 fire giants
  8 nagarajas
  The ghost of Umpaher the Impaler, an adept DsGl of Gozag (Elf:3)
  10 rockslimes
  10 draconian monks
  4 draconian knights
  6 azure jellies (Slime:5)
  4 vault wardens
  A balrug (D:8)
  19 frost giants
  2 iron dragons (Depths:3)
  The ghost of Wastoufi the Bludgeoner, an adept GrFi of Okawaru (Snake:4)
  4 deep elf sorcerers
  4 imperial myrmidons (Desolation)
  Louise (Depths:2)
  4 draconian scorchers
  The ghost of Haredoag the Severer, a journeyman MiFi of Gozag (Lair:5)
  4 deep elf elementalists (Elf:3)
  5 draconian annihilators
  3 draconian stormcallers
  The ghost of backslashecho the Metamorph, a journeyman MeSh of Okawaru (Lair:5)
  4 orc warlords
  3 ghost moths
  13 ironbound preservers
  2 draconian shifters
  19 stone giants
  3 cacodemons
  A caustic shrike skeleton (Depths:3)
  5 spriggan defenders
  9 quicksilver oozes
  32 very ugly things
  A war gargoyle (WizLab)
  16 formless jellyfish
  16 green draconians
  8 ironbound thunderhulks
  2 juggernaut skeletons (Depths:3)
  6 deep elf demonologists (Elf:3)
  6 yellow draconians
  The ghost of pigah the Black Belt, a journeyman OpSh of Gozag (Lair:5)
  26 red draconians
  The ghost of Gibbon the Blocker, a journeyman DrIE of Sif Muna (Lair:5)
  2 vampire knights
  14 black draconians
  An eleionoma (Swamp:2)
  A lorocyproca (D:10)
  2 halazid warlocks (Desolation)
  10 purple draconians
  2 spark wasps (Depths:1)
  11 dire elephants
  2 eidola (Vaults:4)
  5 bunyips
  11 white draconians
  6 deep elf annihilators
  2 crystal guardians
  Snorg (Lair:3)
  2 shambling mangroves
  7 deep elf death magi
  An entropy weaver (Vaults:2)
  7 ettins
  A merfolk impaler (Depths:1)
  18 great orbs of eyes
  15 fire dragons
  A jiangshi (Vaults:2)
  An entropy weaver (shapeshifter) (D:13)
  9 yaktaur captains
  2 deep elf high priests (Elf:3)
  7 servants of whispers (Desolation)
  4 ragged hierophants (Desolation)
  A hell beast (Depths:4)
  3 vault guards
  14 ice dragons
  2 spriggan zombies (Depths:3)
  A juggernaut simulacrum (Depths:3)
  2 rakshasas
  2 salamander tyrants (Snake:4)
  Erolcha (D:10)
  3 catoblepae
  4 peacekeepers (Desolation)
  A ghost crab (Swamp:1)
  13 anacondas
  7 spriggan air magi
  12 hydras
  9 ironbound frosthearts
  The ghost of Zoguozuq the Carver, a journeyman GnWn of Hepliaklqana (Elf:3)
  2 ogre magi (D:15)
  16 alligators
  9 centaur warriors
  7 starcursed masses (WizLab)
  8 deep troll shamans
  32 dancing weapons
  24 naga warriors
  10 two-headed ogres
  A boulder beetle (D:14)
  A vampire mage (Depths:2)
  10 deep troll earth magi
  9 hell knights
  3 spriggan berserkers
  3 hell hogs (Depths:4)
  7 shock serpents
  3 tengu warriors
  7 naga sharpshooters
  Urug (Lair:5)
  3 soul eaters (Depths:4)
  18 deep elf knights
  A sixfirhy (Zot:5)
  A skyshark (shapeshifter) (Vaults:3)
  4 sun demons
  9 iron trolls
  A skeletal warrior (Vaults:2)
  An orc high priest (Orc:2)
  A wretched star (WizLab)
  2 skysharks (Lair:4)
  A golden dragon zombie (Depths:3)
  50 deep trolls
  A quicksilver dragon simulacrum (Zot:4)
  5 salamander mystics
  3 flayed ghosts
  7 goliath frogs
  A spark wasp zombie (Depths:3)
  A deep troll (shapeshifter) (Depths:3)
  An orange crystal statue (WizLab)
  13 glowing orange brains
  5 naga ritualists
  11 deep elf archers
  7 arcanists
  A spriggan druid (Swamp:1)
  5 large abominations (D:13)
  12 orc knights
  5 phantasmal warriors
  A harpy (Vaults:2)
  A bog body (Swamp:4)
  8 swamp dragons
  Pikel (D:8)
  16 lindwurms
  18 ironbound convokers
  24 deep elf zephyrmancers
  52 ugly things
  A tengu skeleton (Depths:3)
  5 necromancers
  29 deep elf pyromancers
  8 mana vipers
  2 oklob plants
  A frost giant zombie (Depths:3)
  10 cyclopes
  6 orc sorcerers
  4 shining eyes
  A will-o-the-wisp (Swamp:1)
  19 salamanders
  6 manticores
  30 moths of wrath
  A toenail golem (Zot:1)
  5 kobold blastminers
  36 black mambas
  8 eyes of devastation
  15 elephants
  25 naga magi
  14 guardian serpents
  16 vault sentinels
  2 smoke demons (Depths:4)
  2 molten gargoyles (Volcano)
  A gargoyle (D:11)
  3 rime drakes
  2 kobold demonologists (D:11)
  4 orange demons
  22 yaktaurs
  4 tengu conjurers
  6 cane toads
  17 komodo dragons
  A spark wasp simulacrum (Depths:3)
  4 tormentors
  3 ice devils
  A spectral salamander (Snake:4)
  A freezing wraith (D:13)
  5 spectral nagas (Snake:4)
  A red devil (Volcano)
  9 trolls
  2 shadow dragon simulacra
  13 tyrant leeches
  A bloated husk (Swamp:1)
  3 meliai (D:14)
  18 hornets
  7 glass eyes
  4 polar bears
  45 saltlings
  23 blink frogs
  A raiju (shapeshifter) (D:11)
  2 dream sheep (Lair:4)
  87 slime creatures
  Sigmund (D:4)
  3 water elementals
  4 air elementals
  A frost giant simulacrum (Depths:3)
  23 spriggans
  5 wyverns
  70 yaks
  2 fire bats (Volcano)
  3 wraiths
  2 basilisks
  4 fire elementals
  3 hogs (Snake:3)
  3 golden eyes (WizLab)
  A neqoxec (WizLab)
  3 steam dragons
  A white draconian simulacrum (Zot:4)
  Grum (D:10)
  8 vampire mosquitoes
  10 swamp worms
  A glowing shapeshifter zombie (Depths:3)
  2 wargs
  52 nagas
  An acid dragon (D:14)
  A moth of wrath simulacrum (Zot:4)
  9 water moccasins
  6 hell hounds
  47 orc warriors
  4 black bears
  A guardian serpent simulacrum (Snake:4)
  An ice beast (shapeshifter) (D:14)
  2 ice beasts
  12 swamp drakes
  26 wolves
  13 ogres
  A sky beast (D:4)
  7 small abominations (D:13)
  4 boggarts
  2 phantoms (D:6)
  9 centaurs
  A lemure (D:8)
  3 kobold brigands
  12 bullfrogs
  2 gnoll sergeants
  A cane toad simulacrum (IceCv)
  An earth elemental (Elf:3)
  2 scorpions
  8 wights
  21 killer bees
  An elephant simulacrum (IceCv)
  6 electric eels (Lair:2)
  4 howler monkeys
  8 lava snakes
  2 salamander simulacra (Snake:4)
  3 hounds
  13 orc priests
  A gnoll bouda (D:6)
  2 jellies (Lair:4)
  A sleepcap (D:6)
  24 orc wizards
  6 iguanas
  2 naga simulacra (Snake:4)
  29 gnolls
  10 adders
  A shadow imp (D:6)
  2 white imps
  An ufetubus (IceCv)
  2 worms (D:2)
  3 dart slugs
  84 orcs
  3 bats
  3 endoplasms
  A giant cockroach (D:4)
  15 hobgoblins
  2 jackals (D:2)
  8 kobolds
  5 quokkas
  3 training dummies (Snake:1)
  4 ball pythons
  5 frilled lizards
  25 goblins
  5 rats
  7 starspawn tentacles (WizLab)
2343 creatures vanquished.

Vanquished Creatures (collateral kills)
  A Killer Klown (Zot:5)
  A white draconian (Zot:2)
  A centaur simulacrum (D:14)
3 creatures vanquished.

Vanquished Creatures (others)
  3 Orb Guardians (Zot:5)
  A purple draconian (Depths:4)
  A tengu conjurer (Depths:3)
  A blink frog (Lair:2)
  A hornet (Swamp:1)
  An orc (Orc:2)
  11 starspawn tentacles (WizLab)
19 creatures vanquished.

Grand Total: 2365 creatures vanquished

Notes
Turn   | Place    | Note
-------+----------+-------------------------------------------
     0 | D:1      | Daunt the Draconian Shapeshifter began the quest for the
                  | Orb.
     0 | D:1      | Reached XP level 1. HP: 16/16 MP: 1/1
   162 | D:1      | Reached XP level 2. HP: 20/23 MP: 2/2
   602 | D:1      | Found Futtav's Armour Boutique.
   814 | D:2      | Reached XP level 3. HP: 27/29 MP: 3/3
  1049 | D:2      | Reached XP level 4. HP: 33/36 MP: 4/4
  1423 | D:3      | Noticed a black bear
  2312 | D:4      | Noticed Sigmund
  2334 | D:4      | Reached XP level 5. HP: 32/42 MP: 5/5
  2463 | D:4      | Noticed a sky beast
  2525 | D:4      | Reached skill level 5 in Unarmed Combat
  2801 | D:4      | Reached XP level 6. HP: 51/51 MP: 6/6
  3058 | D:4      | Killed a sky beast
  3068 | D:5      | Entered Level 5 of the Dungeon
  3293 | D:5      | Found a staircase to the Ecumenical Temple.
  3313 | D:5      | Your scales start taking on a dull iron-grey colour.
  3313 | D:5      | Reached XP level 7. HP: 27/59 MP: 7/7
  3321 | Temple   | Entered the Ecumenical Temple
  3329 | Temple   | Became a worshipper of the Wu Jian Council
  3502 | D:5      | Found Duohosyna's General Store.
  3509 | D:5      | Bought a potion of heal wounds for 50 gold pieces
  3509 | D:5      | Bought a scroll of poison for 40 gold pieces
  3597 | D:5      | Noticed Eustachio
  3697 | D:5      | Found a glowing silver altar of Zin.
  3697 | D:5      | Found a basalt altar of Yredelemnul.
  3697 | D:5      | Found a bloodstained altar of Trog.
  3697 | D:5      | Found a burning altar of Makhleb.
  3713 | D:5      | Found a sacrificial altar of Ru.
  3713 | D:5      | Found a broken altar of Ashenzari.
  4146 | D:5      | Found a runed translucent door.
  4147 | D:5      | Noticed Crazy Yiuf
  4300 | D:6      | Reached skill level 5 in Shapeshifting
  4312 | D:6      | Noticed a steam dragon
  4318 | D:6      | Killed a steam dragon
  4319 | D:6      | Reached skill level 5 in Fighting
  4319 | D:6      | Reached XP level 8. HP: 55/68 MP: 8/8
  4829 | D:6      | Reached * piety under Wu Jian
  5297 | D:7      | Reached XP level 9. HP: 63/74 MP: 9/9
  5597 | D:7      | Found Kiwy's Antique Weapon Boutique.
  5719 | D:7      | Found an iron altar of Okawaru.
  5771 | D:7      | Reached ** piety under Wu Jian
  6129 | D:4      | Killed Sigmund
  6480 | D:8      | Noticed a troll
  6538 | D:8      | Killed a troll
  6665 | D:8      | Noticed Pikel
  6678 | D:8      | Killed Pikel
  6679 | D:8      | Reached skill level 10 in Unarmed Combat
  7027 | D:8      | Reached XP level 10. HP: 81/81 MP: 10/10
  7056 | D:8      | Found a shadowy altar of Dithmenos.
  7082 | D:8      | Found a staircase to the Lair.
  7640 | D:9      | Found a flagged portal.
  7670 | Bailey   | Entered a bailey
  8027 | Bailey   | Reached skill level 1 in Evocations
  8064 | Bailey   | Reached skill level 1 in Translocations
  8079 | Bailey   | Reached skill level 1 in Spellcasting
  8271 | Bailey   | Reached *** piety under Wu Jian
  8340 | Bailey   | Noticed an orc knight
  8366 | Bailey   | Killed an orc knight
  8372 | Bailey   | Noticed an orc warlord
  8468 | Bailey   | Killed an orc warlord
  8469 | Bailey   | Reached skill level 5 in Dodging
  8724 | D:9      | Acquired a +1 kite shield of protection
  8725 | D:9      | Acquired 661 gold pieces
  9771 | D:10     | Entered Level 10 of the Dungeon
  9900 | D:10     | Reached XP level 11. HP: 89/89 MP: 14/14
 10069 | D:10     | Reached **** piety under Wu Jian
 10290 | D:10     | Noticed Erolcha
 10364 | Lair:1   | Entered Level 1 of the Lair of Beasts
 10481 | Lair:1   | Learned a level 2 spell: Blink
 10516 | Lair:1   | Reached skill level 5 in Evocations
 10871 | Lair:1   | Noticed Gastronok
 10915 | Lair:1   | Killed Gastronok
 10963 | Lair:1   | Reached skill level 5 in Translocations
 10968 | Lair:1   | Learned a level 4 spell: Manifold Assault
 11419 | Lair:1   | Reached XP level 12. HP: 45/101 MP: 16/16
 11698 | Lair:1   | Reached ***** piety under Wu Jian
 12299 | Lair:2   | Found a staircase to the Swamp.
 12364 | Lair:2   | Noticed an eight-headed hydra
 12424 | Lair:2   | Killed an eight-headed hydra
 12542 | Lair:2   | Found a frozen archway.
 12685 | IceCv    | Entered an ice cave
 13434 | Lair:2   | Identified the +2 leather armour of Reason {MP+9}
 13768 | Lair:3   | Found a staircase to the Snake Pit.
 14020 | Lair:3   | Noticed Snorg
 14108 | Lair:3   | Killed Snorg
 14109 | Lair:3   | Reached XP level 13. HP: 56/111 MP: 16/19
 14877 | Lair:4   | Reached skill level 10 in Fighting
 14921 | Lair:4   | Found a dark tunnel.
 15036 | Volcano  | Entered a volcano
 15207 | Volcano  | Found a bloodstained altar of Trog.
 15359 | Volcano  | Paralysed by an orc sorcerer for 3 turns
 15412 | Volcano  | Identified the +5 scimitar of the Dull God {chaos, rCorr}
 15533 | Volcano  | Reached ****** piety under Wu Jian
 16142 | Lair:4   | Found a staircase to the Slime Pits.
 16146 | Lair:4   | Found a viscous altar of Jiyva.
 17234 | Lair:5   | Entered Level 5 of the Lair of Beasts
 17424 | Lair:5   | Noticed Urug
 17498 | Lair:5   | Killed Urug
 17850 | Lair:5   | Reached XP level 14. HP: 95/122 MP: 20/20
 17978 | Lair:5   | Found a runed translucent gate.
 17978 | Lair:5   | Found a runed translucent gate.
 17978 | Lair:5   | Found a runed translucent gate.
 17980 | Lair:5   | Noticed pigah's ghost (journeyman OpSh)
 17980 | Lair:5   | Noticed Haredoag's ghost (journeyman MiFi)
 17981 | Lair:5   | Noticed backslashecho's ghost (journeyman MeSh)
 17981 | Lair:5   | Noticed Gibbon's ghost (journeyman DrIE)
 18594 | Lair:4   | Paralysed by a hornet for 2 turns
 18810 | Lair:4   | Reached skill level 1 in Stealth
 18810 | Lair:4   | Reached skill level 10 in Shapeshifting
 20224 | D:10     | Found a staircase to the Orcish Mines.
 20542 | D:10     | Identified the +4 quarterstaff "Saorph" {freeze, *Rage rC+
                  | SInv}
 20733 | D:11     | You fall into a shaft and drop 2 floors!
 21176 | D:13     | Found a gate to the Vaults.
 21176 | D:13     | Found the +5 scythe "Finisher" {speed, execute}
 21943 | D:11     | Learned a level 2 spell: Passwall
 22156 | D:11     | Acquired a ring of willpower
 22623 | D:12     | Reached skill level 1 in Earth Magic
 22960 | D:12     | Reached skill level 1 in Transmutations
 23259 | D:12     | Reached skill level 5 in Stealth
 24115 | D:13     | Identified the ring of Biqym {rPois SInv}
 24436 | D:14     | Reached XP level 15. HP: 132/132 MP: 21/21
 25567 | D:14     | Noticed Roxanne
 25897 | D:15     | Entered Level 15 of the Dungeon
 26794 | D:15     | Found a staircase to the Depths.
 27988 | D:10     | Noticed Grum
 27995 | D:10     | Killed Grum
 28026 | Orc:1    | Entered Level 1 of the Orcish Mines
 28029 | Orc:1    | Found Jick's Assorted Antiques.
 28036 | Orc:1    | Bought a scroll of identify for 60 gold pieces
 28036 | Orc:1    | Bought a scroll labelled ABYDAS WUTI for 30 gold pieces
 28036 | Orc:1    | Bought a scroll labelled CUACZI FIXE for 30 gold pieces
 28036 | Orc:1    | Bought a scroll labelled SEEMYTOFYA for 30 gold pieces
 28879 | Orc:2    | Entered Level 2 of the Orcish Mines
 28879 | Orc:2    | Found a staircase to the Elven Halls.
 30384 | Orc:2    | Found Sydodd's Book Shoppe.
 30916 | Orc:2    | Found Weyczantix's Assorted Antiques.
 30918 | Orc:2    | Found Hatev's Armour Boutique.
 30999 | Orc:2    | Found Anuheoci's Weapon Shop.
 31024 | Orc:2    | Bought a +0 pair of gloves of dexterity for 207 gold pieces
 31264 | Snake:1  | Entered Level 1 of the Snake Pit
 31327 | Snake:1  | Reached XP level 16. HP: 133/139 MP: 22/22
 31340 | Snake:1  | Found Pautu's Firing Range.
 32582 | Snake:2  | Reached skill level 15 in Shapeshifting
 32853 | Snake:2  | Reached skill level 5 in Spellcasting
 35585 | Snake:3  | Noticed Kirke
 35821 | Snake:3  | Reached skill level 15 in Unarmed Combat
 35930 | Snake:3  | Identified the +0 flail "Foychorgh" {vamp, rN+ Will+}
 35940 | Snake:3  | Reached skill level 5 in Earth Magic
 36185 | Snake:3  | Killed Kirke
 37285 | Snake:3  | Reached XP level 17. HP: 148/148 MP: 20/24
 37627 | Snake:4  | Entered Level 4 of the Snake Pit
 38222 | Snake:4  | Reached skill level 10 in Translocations
 38833 | Snake:4  | Reached skill level 10 in Dodging
 39310 | Snake:4  | Found a runed translucent gate.
 39310 | Snake:4  | Found a runed translucent gate.
 39310 | Snake:4  | Found a runed translucent gate.
 39643 | Snake:4  | Noticed Wastoufi's ghost (adept GrFi)
 39816 | Snake:4  | Noticed Vashnia
 40087 | Snake:4  | Killed Vashnia
 40127 | Snake:4  | Got a serpentine rune of Zot
 40503 | Swamp:1  | Entered Level 1 of the Swamp
 40554 | Swamp:1  | Found a hazy altar of Hepliaklqana.
 40606 | Swamp:1  | Identified the +5 scale mail of Pandemonium {Dex+3}
 40639 | Swamp:1  | Noticed a tentacled monstrosity
 40644 | Swamp:1  | Killed a tentacled monstrosity
 41230 | Swamp:2  | Reached XP level 18. HP: 161/161 MP: 25/25
 41278 | Swamp:2  | Paralysed by a hornet for 3 turns
 42385 | Swamp:3  | Reached skill level 15 in Fighting
 42491 | Swamp:4  | Entered Level 4 of the Swamp
 42847 | Swamp:4  | Noticed the 27-headed Lernaean hydra
 43070 | Swamp:4  | Got a decaying rune of Zot
 43364 | Vaults:1 | Entered Level 1 of the Vaults
 44237 | Vaults:1 | Found Gair's General Store.
 45025 | Vaults:1 | Reached XP level 19. HP: 172/172 MP: 26/26
 45455 | Vaults:2 | Got Oteghoiss's Fundamentals of Hermeneutics
 46148 | Vaults:2 | Found a transporter.
 46187 | Vaults:2 | Found a transporter.
 46339 | Vaults:2 | Paralysed by a formless jellyfish for 1 turns
 46962 | Vaults:2 | Identified the ring of Googg {+Blink rElec Will+ MP+9
                  | Int-3}
 47024 | Vaults:2 | Found a staircase to the Crypt.
 47087 | Vaults:2 | Noticed Xtahua
 47094 | Vaults:2 | Killed Xtahua
 47225 | Vaults:2 | Identified the serpent talisman of Cugic {Stlth+}
 47225 | Vaults:2 | Noticed Aizul
 47234 | Vaults:2 | Killed Aizul
 48439 | Vaults:2 | Identified the ring of Ifuanoyl {Ice rElec rN+ Dex-2 SInv}
 48450 | Vaults:2 | Identified the ring of Vata {rN+ Dex+3}
 48468 | Vaults:2 | Identified the amulet "Yhucweol" {RegenMP rF++ Str-4 Dex+3}
 48740 | Vaults:3 | Identified the +2 leather armour of Elyvilon's Envy {*Slow
                  | rN+ Str+3 SInv}
 49085 | Vaults:3 | Reached XP level 20. HP: 184/184 MP: 27/27
 49247 | Vaults:3 | Found Goofeh's Assorted Antiques.
 49310 | Vaults:3 | Found Eleiror's Armour Shoppe.
 50046 | Vaults:4 | Noticed Margery
 50285 | Vaults:4 | Found a crumbling gateway.
 50445 | Desolati | Entered the Desolation of Salt
 50549 | Desolati | Reached skill level 10 in Evocations
 50600 | Desolati | Identified the +7 dagger of Toothy Fortitude {freeze, rElec
                  | Int+3 Stlth+}
 50903 | Desolati | Identified the +3 broad axe "Acros" {speed, rF+ Str+3}
 51230 | Desolati | Identified the ring of Meacs {rPois EV+5}
 51293 | Desolati | Identified the ring "Fagie" {EV+5 Str-4 Dex+2 SInv}
 51473 | Desolati | Identified the +3 ring mail of Responsibility {rF++ rN+}
 51475 | Desolati | Identified the ring of Lyes {Fire Drain Will+ Int+2}
 51536 | Desolati | Identified the amulet "Gote" {RegenMP Harm Will+ Int+3}
 51545 | Desolati | Identified the +3 chain mail of Uzedyush {rC+ Will+ Dex+4
                  | Stlth-}
 51921 | Vaults:4 | Noticed Sojobo
 52488 | Vaults:4 | Killed Margery
 53249 | Vaults:4 | Reached skill level 15 in Dodging
 53353 | Vaults:4 | Paralysed by an air elemental for 1 turns
 53358 | Vaults:4 | Paralysed by an air elemental for 1 turns
 53361 | Vaults:4 | Killed Sojobo
 54067 | Depths:1 | Entered Level 1 of the Depths
 54067 | Depths:1 | Found a gateway to Hell.
 54110 | Depths:1 | Found a magical portal.
 54227 | WizLab   | Entered Lehudib's Moon Base
 54611 | WizLab   | Found a transporter.
 54876 | WizLab   | Reached XP level 21. HP: 196/196 MP: 28/28
 55593 | WizLab   | Found a transporter.
 56179 | WizLab   | Identified the +1 scale mail of Iroemom {rF+ Dex+2}
 56213 | WizLab   | Got Lehudib's Papyrus of Energetic Erosion
 56317 | Depths:1 | Found a one-way gateway to a ziggurat.
 56396 | Depths:1 | Noticed Bai Suzhen
 56410 | Depths:1 | Killed Bai Suzhen
 56796 | Depths:1 | Found a one-way gate leading to the halls of Pandemonium.
 56865 | Depths:1 | Got the Quarto of Unstable Hurting
 56867 | Depths:1 | Identified the +5 spear of the Screaming Fulmar {freeze,
                  | rC+}
 57172 | Depths:1 | Found a hide-covered altar of Uskayaw.
 57376 | Depths:2 | Found a one-way gate to the infinite horrors of the Abyss.
 57378 | Depths:2 | Noticed Louise
 57384 | Depths:2 | Killed Louise
 57890 | Depths:2 | Reached skill level 15 in Evocations
 58354 | Depths:2 | Identified the +3 trident "Epacera" {heavy, Str+2 Stlth+}
 59028 | Depths:2 | Reached XP level 22. HP: 209/209 MP: 29/29
 59335 | Depths:2 | Found a stormy altar of Qazlal.
 59463 | Depths:2 | Identified the staff of Wounding {rPois rF+ rN+ Poison}
 59465 | Depths:2 | Got the Elucidation of Ice and Venom
 59650 | Depths:3 | Noticed a golden dragon
 59972 | Depths:2 | Killed a golden dragon
 61112 | Depths:3 | Identified the ring "Ajeorosch" {rElec rF- rCorr Str+4
                  | SInv}
 61403 | Depths:3 | Found Yrraleux's Jewellery Shop.
 61887 | Depths:3 | Identified the +0 long sword of Hakledgho {flame, Fragile
                  | +Blink rF+}
 62374 | Depths:4 | Entered Level 4 of the Depths
 62716 | Depths:4 | Noticed Saint Roka
 62938 | Depths:4 | Noticed Boris
 62944 | Depths:4 | Killed Boris
 63155 | Depths:4 | Noticed a golden dragon
 63170 | Depths:3 | Killed a golden dragon
 64055 | Depths:4 | Noticed the Enchantress
 64305 | Depths:4 | Killed the Enchantress
 64442 | Depths:4 | Reached XP level 23. HP: 220/220 MP: 30/30
 65214 | Depths:4 | Found a glowing golden altar of the Shining One.
 65746 | Depths:4 | Killed Saint Roka
 65976 | Depths:4 | Found a gate to the Realm of Zot.
 66466 | Elf:1    | Entered Level 1 of the Elven Halls
 66782 | Elf:1    | Found Siewidacee's Assorted Antiques.
 66782 | Elf:1    | Found Etugotau's General Store.
 66790 | Elf:1    | Found Muoshra Nota's Distillery.
 66794 | Elf:1    | Bought a potion of ambrosia for 128 gold pieces
 66794 | Elf:1    | Bought a potion of ambrosia for 128 gold pieces
 66794 | Elf:1    | Found Wilawk's Armour Emporium.
 66798 | Elf:1    | Bought a fine marble ring for 120 gold pieces
 66798 | Elf:1    | Identified the ring of the City {Dex+6 Stlth+} (You bought
                  | it in a shop on level 1 of the Elven Halls)
 66806 | Elf:1    | Bought a potion of haste for 120 gold pieces
 66876 | Elf:1    | Found Sapreti's General Store.
 67472 | Elf:2    | Found a shimmering blue altar of Sif Muna.
 67833 | Elf:2    | Found a runed translucent gate.
 67836 | Elf:2    | Found a runed translucent gate.
 67838 | Elf:2    | Found a runed translucent gate.
 67914 | Elf:2    | Found a runed translucent gate.
 67914 | Elf:2    | Found a runed translucent gate.
 67920 | Elf:2    | Found a runed translucent gate.
 68310 | Elf:2    | Identified the blade talisman of the End {rPois rF+}
 68402 | Elf:3    | Entered Level 3 of the Elven Halls
 68450 | Elf:3    | Found Escher's Weapon Emporium.
 68614 | Elf:3    | Found a shimmering blue altar of Sif Muna.
 68681 | Elf:3    | Found a runed translucent gate.
 68682 | Elf:3    | Found a runed translucent gate.
 68682 | Elf:3    | Found a runed translucent gate.
 68683 | Elf:3    | Noticed Umpaher's ghost (adept DsGl)
 68684 | Elf:3    | Noticed Zoguozuq's ghost (journeyman GnWn)
 68727 | Elf:3    | Paralysed by an air elemental for 1 turns
 69632 | Elf:3    | Reached XP level 24. HP: 236/236 MP: 30/30
 69751 | Elf:3    | Identified the +11 mace of Ifrigh {heavy, *Corrode Str+2
                  | Int+4}
 69751 | Elf:3    | Identified the ring of the Last Ziggurats {+Blink EV+5}
 69751 | Elf:3    | Identified the ring of Tette {AC+4 Stlth+}
 69752 | Elf:3    | Identified the amulet of Free Expression {rN+ Regen+}
 69985 | Elf:3    | Identified the staff of Vymukh {Drain rElec rN+ Will++ Ice
                  | Air}
 70028 | Elf:3    | Identified the +6 spear "Spiderbane" {freeze, Stlth+}
 70055 | Elf:3    | Identified the +1 falchion "Hamutez" {holy, rC- Will+
                  | Int+5}
 70064 | Elf:3    | Identified the +1 robe of Moral Flaws {rPois Str-2 Int+6}
 70065 | Elf:3    | Identified the +6 great mace of the Valley {heavy, rElec
                  | rN++ Will+++ Dex-3}
 70067 | Elf:3    | Identified the ring "Saruag" {Ice rN+ rCorr Stlth+}
 70073 | Elf:3    | Got the Discourse on Kindled Battling
 70174 | Elf:3    | Killed Umpaher's ghost
 70184 | Elf:3    | Killed Zoguozuq's ghost
 70469 | D:14     | Killed Roxanne
 70618 | D:10     | Killed Erolcha
 70803 | Lair:5   | Killed backslashecho's ghost
 70804 | Lair:5   | Killed pigah's ghost
 70806 | Lair:5   | Killed Gibbon's ghost
 70810 | Lair:5   | Killed Haredoag's ghost
 71165 | Snake:4  | Killed Wastoufi's ghost
 71348 | Slime:1  | Entered Level 1 of the Pits of Slime
 71721 | Slime:4  | Paralysed by a formless jellyfish for 1 turns
 71750 | Slime:5  | Entered Level 5 of the Pits of Slime
 71781 | Slime:5  | Learned a level 4 spell: Passage of Golubria
 71821 | Slime:4  | Paralysed by a formless jellyfish for 1 turns
 72054 | Slime:5  | Noticed the Royal Jelly
 72091 | Slime:5  | Gained mutation: Potions are less effective at restoring
                  | your health. [a shining eye]
 72092 | Slime:5  | Gained mutation: You are clumsy. (Dex -2) [a shining eye]
 72482 | Slime:5  | Found a viscous altar of Jiyva.
 72525 | Slime:5  | Killed the Royal Jelly
 72985 | Slime:5  | Got the Monograph on Spectres
 72993 | Slime:5  | Learned a level 2 spell: Lesser Beckoning
 73007 | Slime:5  | Got the Octavo of Embers and Chilblains
 73009 | Slime:5  | Got a slimy rune of Zot
 73011 | Slime:5  | Got Votet's Monograph on the Entrancing Switch
 73024 | Slime:5  | Identified the +1 broad axe "Peinexze" {protect, Int+3}
 73683 | Zot:1    | Entered Level 1 of the Realm of Zot
 73912 | Zot:1    | Reached skill level 10 in Stealth
 75252 | Zot:2    | Noticed an orb of fire
 75258 | Zot:2    | Gained mutation: You sometimes lose your temper in combat.
                  | [an orb of fire]
 75262 | Zot:2    | Killed an orb of fire
 75263 | Zot:2    | Reached XP level 25. HP: 248/248 MP: 30/30
 75926 | Zot:2    | Noticed a shard shrike
 75926 | Zot:2    | Noticed a shard shrike
 76508 | Zot:2    | Killed a shard shrike
 76515 | Zot:2    | Killed a shard shrike
 76733 | Zot:2    | Identified the +6 shortbow of Twisting Misery {drain,
                  | Will+}
 77210 | Zot:3    | Found a transporter.
 77673 | Zot:3    | Found a transporter.
 78018 | Zot:5    | Entered Level 5 of the Realm of Zot
 78085 | Zot:4    | Identified the ring "Fuket" {Ice rElec Str+3}
 78085 | Zot:4    | Noticed Josephina
 78098 | Zot:4    | Killed Josephina
 79344 | Zot:5    | Learned a level 6 spell: Dispersal
 79628 | Zot:5    | Noticed an ancient lich
 79696 | Zot:5    | Killed an ancient lich
 79697 | Zot:5    | Reached XP level 26. HP: 159/264 MP: 31/31
 79916 | Zot:5    | Noticed an orb of fire
 80167 | Zot:5    | Gained mutation: You occasionally lose the ability to read
                  | scrolls when taking damage. [an orb of fire]
 80168 | Zot:5    | Gained mutation: Potions cannot restore your health. [an
                  | orb of fire]
 80170 | Zot:5    | Killed an orb of fire
 80177 | Zot:5    | Noticed an orb of fire
 80183 | Zot:5    | Killed an orb of fire
 80198 | Zot:5    | Noticed an ancient lich
 80203 | Zot:5    | Killed an ancient lich
 80550 | Zot:5    | Lost mutation: You occasionally lose the ability to read
                  | scrolls when taking damage. [potion of mutation]
 80550 | Zot:5    | Lost mutation: Potions cannot restore your health. [potion
                  | of mutation]
 80550 | Zot:5    | Gained mutation: You are weak. (Str -2) [potion of
                  | mutation]
 80550 | Zot:5    | Gained mutation: You have a beak for a mouth. [potion of
                  | mutation]
 80675 | Zot:5    | Noticed an orb of fire
 80684 | Zot:5    | Killed an orb of fire
 80709 | Zot:5    | Noticed a dread lich
 80716 | Zot:5    | Killed a dread lich
 81021 | Zot:5    | Got the Orb of Zot
 81063 | Zot:5    | Noticed Sumiupy the pandemonium lord
 81648 | D:$      | Escaped with the Orb!

Illustrated notes

Levels and vault maps discovered:
D:1:      sevenhm_arrival_forest_fort_small_6, layout_loops_ring, serial_shops,
          shop, minmay_tromino_v7
D:2:      layout_basic
D:3:      layout_basic, kennysheep_decorative_pillar
D:4:      layout_rooms, uniq_sigmund
D:5:      layout_loops_corners, minmay_overflow_temple_hex,
          minmay_temple_entry_arrows, serial_shops, nicolae_shop_rolling_square,
          uniq_crazy_yiuf_cottage, uniq_eustachio
D:6:      layout_loops_ring
D:7:      layout_basic, hellmonk_okawaru_the_only_friend_you_need, serial_shops,
          kennysheep_little_box
D:8:      layout_layer_cave, nicolae_dithmenos_through_a_glass_darkly,
          lair_entry_dummy, nicolae_titane, uniq_pikel
D:9:      layout_stronghold, enter_bailey_5
D:10:     layout_loops_cross, kennysheep_orc_monster_closet_entryway,
          minmay_fractal_squares_gapless_7, uniq_grum, uniq_erolcha
D:11:     layout_basic
D:12:     layout_basic
D:13:     layout_irregular_city, david_vaults_5, laboratory
D:14:     layout_roguey, dk_noncrumbling_2, nicolae_zig_zag_zippers,
          uniq_roxanne
D:15:     hangedman_depths_entry_civil_slaughter, layout_loops_corners,
          minmay_misc_feat_roman
Temple:   nicolae_temple_two_arcs
Lair:1:   layout_long_grid, serial_bayou_shore_b, grunt_megastairs_5,
          uniq_gastronok
Lair:2:   layout_long_grid, minmay_swamp_entry_eels,
          portal_ice_cave_demonic_guard, st_stairs_7, infiniplex_staircase_pool
Lair:3:   layout_loops_ring, nicolae_snake_entry_warm_welcome, uniq_snorg
Lair:4:   layout_misc_corridors, minmay_slime_entry_pillars, enter_volcano_2,
          hibernation_bobbens
Lair:5:   minmay_lair_end_enchanted_forest, layout_big_grid,
          gammafunk_ghost_cemetery, lookout_lair_type, lemuel_fruit_fields,
          lemuel_fruit_fields, uniq_urug
Swamp:1:  layout_basic_swamp, evilmike_swamp_ruin_house_2, swamp_pool_1_2,
          lemuel_altar_in_water, nicolae_swamp_some_circles
Swamp:2:  layout_basic_swamp, evilmike_swamp_ruin_house_5, swamp_pool_1_2
Swamp:3:  layout_basic_swamp, nicolae_swamp_stair_fork
Swamp:4:  swamp, layout_basic_swamp, swamp_pool_5,
          nicolae_swamp_decorative_isthmus
Snake:1:  layout_honeycomb, nicolae_shop_firing_range
Snake:2:  layout_layer_cave, beargit_elvish_explorers
Snake:3:  nicolae_cobra_stairs, layout_misc_corridors, uniq_kirke
Snake:4:  grunt_snake_rune_serpentine_throne, layout_layer_cave,
          gammafunk_ghost_necromancy
Slime:1:  layout_caves
Slime:2:  layout_caves, nicolae_slime_getting_an_eyeful
Slime:3:  layout_caves
Slime:4:  layout_caves
Slime:5:  slime_pit_nicolae_amoeboid
Orc:1:    layout_caves, serial_shops, shop, lightli_orcish_oven
Orc:2:    hellmonk_orc_salted, layout_diamond_mine, minmay_orc_barracks
Elf:1:    minmay_elf_arrival_summoners, layout_loops_ring, serial_shops,
          nicolae_shop_statue_plus, minmay_elf_crystal_hexagon, minmay_shoptagon
Elf:2:    elven_hall_of_blades_hangedman_original [mumra_blade_entry_dagger],
          layout_loops_corners, basic_altar, nicolae_elf_hall_of_bonks
Elf:3:    elf_hall, layout_geoelf_diagonals, gammafunk_ghost_cemetery,
          serial_corexii_hall, chequers_hall_statues_corner_a,
          corexii_hall_statues_l, basic_altar, serial_shops,
          nicolae_shop_behind_doors
Vaults:1: nicolae_vaults_know_your_exits, v_rooms_2, vaults_room_ringed_pool,
          v_misc_2, nicolae_vaults_double_plus_2,
          nicolae_vaults_hexular_roomagon, vaults_standard_mumra_lines,
          nicolae_vaults_yaktaur_gun_rack, grunt_vaults_diagonal,
          layout_vaults_omnigrid, serial_shops, shop
Vaults:2: gammafunk_dig_for_victory, vaults_room_grunt_arrival_ludios,
          v_misc_31, hangedman_vaults_trim, minmay_crypt_entry_simple_walls,
          v_misc_15, ontoclasm_vaults_fault, vaults_room_fancy_cross,
          nicolae_vaults_network_periphery, v_pattern_2,
          nicolae_vaults_variable_pillar_hall, v_alt_pattern_1,
          layout_vaults_chaotic_city, uniq_aizul, uniq_xtahua
Vaults:3: v_misc_5, nicolae_vaults_closet_pinwheel_4, nicolae_vaults_little_ls,
          vaults_mumra_minichess_inversion, nicolae_vaults_tangram_1,
          nicolae_vaults_network_square, vaults_mumra_minichess,
          nicolae_vaults_inception_scallops, hangedman_vaults_river_flow,
          nicolae_vaults_offset_grid_hallway_2, nicolae_vaults_little_squares_3,
          nicolae_vaults_trapezoid_layered, nicolae_vaults_variable_pillar_hall,
          layout_vaults_omnibox, serial_shops, nicolae_shop_dealshenge,
          nicolae_shop_tiny_real_fake_doors
Vaults:4: portal_desolation_entry_nicolae_slug, vaults_mumra_chevron,
          nicolae_vaults_gold_heap, ontoclasm_vaults_ligature,
          nicolae_vaults_stand_back, v_alt_pattern_6, vaults_mumra_hex,
          nicolae_vaults_prndl, ontoclasm_vaults_misaligned,
          nicolae_vaults_trapezoid_2, hangedman_vaults_nodes,
          layout_vaults_omnicross, uniq_sojobo, uniq_margery
Depths:1: layout_cave_pools, enter_ziggurat_f, pan_entry, mu_enter_wizlab_4,
          nicolae_uskayaw_suspiria, hell_entry, bh_walls_and_bars,
          uniq_bai_suzhen
Depths:2: regret_index_qazlal_generations, layout_basic, pf_coc_iceberg,
          rand_demon_pan_entry_4, nicolae_abyss_entry_one_way_or_another,
          kennysheep_nub
Depths:3: minmay_the_grid_octo_triangle [minmay_the_grid_octo_concentric,
          minmay_the_grid_octo_prize_ultimate_mussel_roller,
          minmay_the_grid_octo_clover], layout_cave_pools, abyss_entry,
          serial_shops, nicolae_shop_waterfront, pf_vacation_house_of_asmodeus,
          hangedman_abyss_or_decor_jellyfish_corner
Depths:4: lemuel_castle_with_subvaults [lemuel_castle_interior_carwin_3],
          layout_twisted_cross, tso_altar, hellmouth_3, uniq_enchantress,
          uniq_boris, uniq_saint_roka
Zot:1:    layout_twisted_circle
Zot:2:    minmay_elemental_castle, layout_twisted_circle, grunt_megastairs_1,
          lemuel_elevator
Zot:3:    gammafunk_its_a_trap, layout_twisted_circle
Zot:4:    layout_onion_interference, uniq_josephina
Zot:5:    layout_basic

Skill      XL: |  1  2  3  4  5  6  7  8  9 10 11 12 13 14 15 16 17 18 19 20 21 22 23 24 25 26 |
---------------+-------------------------------------------------------------------------------+-----
Fighting       | 2 3 4 5 6 8 9 10 12 14 16 17 18 20 21 23 24 26 | 26.4
Unarmed Combat | 4 5 6 7 8 10 12 14 15 16 17 18 19 20 21 23 24 26 | 26.0
Shapeshifting  | 4 5 7 8 9 10 14 16 17 | 17.5
Dodging        | 4 5 6 7 9 11 12 14 15 17 | 17.7
Evocations     | 3 5 6 7 8 9 12 15 16 | 16.7
Translocations | 2 5 7 8 9 10 11 12 13 | 13.2
Spellcasting   | 2 3 4 5 7 |  7.4
Stealth        | 5 6 7 10 11 | 11.0
Earth Magic    | 3 4 5 6 |  6.0
Transmutations | 2 3 4 |  4.0

Action                     |  1- 3 |  4- 6 |  7- 9 | 10-12 | 13-15 | 16-18 | 19-21 | 22-24 | 25-27 || total
---------------------------+-------+-------+-------+-------+-------+-------+-------+-------+-------++-------
  Melee: Unarmed           |    93 |    75 |   299 |   848 |  1912 |  1226 |  1106 |  1354 |   623 ||  7536
         Tailslap          |    12 |    14 |    42 |   166 |   395 |   189 |   193 |   212 |    92 ||  1315
         Punch             |     1 |     2 |    12 |       |       |    72 |   156 |   209 |   111 ||   563
         Constrict         |       |       |       |       |     9 |       |       |       |       ||     9
         Bite              |       |       |       |       |       |    86 |   161 |   166 |    86 ||   499
   Fire: Sling             |       |    57 |    34 |       |       |       |       |       |       ||    91
  Throw: Dart              |       |     1 |       |       |       |       |       |       |       ||     1
   Cast: Blink             |       |       |       |     1 |       |     3 |       |       |       ||     4
         Manifold Assault  |       |       |       |       |     9 |    79 |     8 |    78 |    74 ||   248
         Passwall          |       |       |       |       |       |     1 |     2 |     1 |       ||     4
 Invoke: Serpent's Lash    |       |       |       |     2 |     5 |     2 |     6 |     1 |     1 ||    17
         Heavenly Storm    |       |       |       |       |     1 |       |     2 |       |       ||     3
Ability: Lunge             |       |       |    26 |    78 |   108 |   112 |   118 |   147 |    62 ||   651
         Whirlwind         |       |       |     2 |    32 |    28 |    44 |    59 |    49 |    11 ||   225
         Wall Jump         |       |       |       |     2 |     5 |     1 |     2 |       |       ||    10
  Evoke: Wand              |       |       |       |    11 |     1 |     4 |     9 |       |       ||    25
         Sack of spiders   |       |       |       |       |       |       |       |     1 |     1 ||     2
    Use: Scroll            |       |     4 |     3 |    10 |    15 |     8 |     2 |     9 |     7 ||    58
         Potion            |       |       |       |     6 |     3 |     2 |     7 |     4 |     5 ||    27
   Stab: Sleeping          |       |       |     1 |       |     3 |     8 |    20 |    18 |     3 ||    53
         Distracted        |       |       |       |       |     1 |     7 |     4 |     7 |     5 ||    24
         Confused          |       |       |       |       |       |       |       |       |     2 ||     2
 Armour: Skin              |    42 |    36 |   124 |   386 |   797 |   773 |   726 |   934 |   356 ||  4174
  Dodge: Dodged            |    37 |    31 |   154 |   517 |  1196 |   544 |   415 |   445 |   168 ||  3507
   Form: Beast             |     1 |       |       |       |       |       |       |       |       ||     1
         Flux              |       |       |     1 |       |     1 |       |       |       |       ||     2
         Serpent           |       |       |       |       |     1 |       |       |       |       ||     1
         Dragon            |       |       |       |       |       |     1 |       |       |       ||     1

Table legend: (Time is in decaauts)
 A = Elapsed time spent in this place.
 B = Non-inter-level travel time spent in this place.
 C = Inter-level travel time spent in this place.
 D = Time resting spent in this place.
 E = Time spent auto-exploring this place.
 F = Levels seen in this place.
 G = Mean time per level.
                   A        B        C        D        E       F      G
               +--------+--------+--------+--------+--------+-----+--------+
         Total |  80021 |  73948 |   6073 |  27324 |  28767 |  57 | 1403.9 |
       Dungeon |  18498 |  16268 |   2230 |   3212 |   9541 |  15 | 1233.2 |
        Temple |     16 |     16 |      0 |      0 |      0 |   1 |   16.0 |
          Lair |   9409 |   8481 |    928 |   3397 |   2750 |   5 | 1881.8 |
         Swamp |   2596 |   2504 |     92 |    804 |   1071 |   4 |  649.0 |
     Snake Pit |   9207 |   8726 |    481 |   4281 |   2526 |   4 | 2301.8 |
    Slime Pits |   1734 |   1616 |    118 |    274 |    542 |   5 |  346.8 |
  Orcish Mines |   3073 |   2873 |    200 |   1216 |    971 |   2 | 1536.5 |
   Elven Halls |   3716 |   3479 |    237 |    844 |   1728 |   3 | 1238.7 |
        Vaults |   9228 |   8710 |    518 |   3694 |   3631 |   4 | 2307.0 |
        Depths |  10137 |   9462 |    675 |   5577 |   1919 |   4 | 2534.2 |
           Zot |   7324 |   6733 |    591 |   2288 |   2842 |   5 | 1464.8 |
        Bailey |   1026 |   1026 |      0 |    288 |     56 |   1 | 1026.0 |
      Ice Cave |    144 |    144 |      0 |     83 |      0 |   1 |  144.0 |
       Volcano |    739 |    739 |      0 |    152 |    352 |   1 |  739.0 |
        Wizlab |   1973 |   1973 |      0 |    766 |    584 |   1 | 1973.0 |
    Desolation |   1193 |   1193 |      0 |    445 |    253 |   1 | 1193.0 |
               +--------+--------+--------+--------+--------+-----+--------+

Top non-repeatable levels by time:
Depths:3: 3270 daAuts
Depths:2: 3212 daAuts
Vaults:2: 3126 daAuts
  Lair:4: 2697 daAuts
 Snake:4: 2565 daAuts
 Snake:2: 2411 daAuts
Depths:4: 2219 daAuts
 Snake:3: 2169 daAuts
   Zot:2: 2166 daAuts
Vaults:4: 2071 daAuts
 Snake:1: 2061 daAuts
Vaults:3: 2033 daAuts
   Zot:5: 2027 daAuts
Vaults:1: 1997 daAuts
  WizLab: 1973 daAuts
